AoeStats
← micely

Arabia

510021313Analyzed
3v3 RM · 2d ago on Sep 29, 2026· 55m 10s· 6 players
Game mode
Random Map
Map size
Normal (6 player)
Population
200
Speed
Normal
Resources
Standard
Victory
Conquest
Starting age
Dark Age
Ending age
Imperial Age
RankedLock teamsTeams togetherTeam positionsShared explorationLock speedFull tech treeHidden civsTurbo modeCheats
Victory
Defeat
🇨🇷 Mongols · Costa Rica
877
+11
🇨🇷 Magyars · Costa Rica
802
+14
🇨🇷 Persians · Costa Rica
775
+15
🇺🇸 Byzantines · United States
786
-14
🇺🇸 Britons · United States
779
-14
🇺🇸 Franks · United States
737
-12
Jimmz
10:07 Feudal Age
10:39 Double-Bit Axe
12:57 Fletching
13:12 Loom
13:41 Padded Archer Armor
21:37 Castle Age
21:41 Crossbowman
22:19 Bodkin Arrow
23:32 Gold Mining
23:54 Bow Saw
30:32 Ballistics
35:06 Leather Archer Armor
35:13 Masonry
micely
13:37 Feudal Age
14:21 Double-Bit Axe
15:15 Wheelbarrow
skywalkeratat
2:41 Loom
4:31 Loom
14:26 Feudal Age
21:42 Double-Bit Axe
21:41 Horse Collar
29:29 Castle Age
27:24 Gold Mining
27:25 Stone Mining
27:54 Scale Mail Armor
28:04 Forging
29:52 Pikeman
31:16 Wheelbarrow
30:44 Heavy Plow
31:08 Bow Saw
31:23 Elite Skirmisher
42:31 Chain Mail Armor
43:03 Fletching
43:14 Padded Archer Armor
ReyYR02
11:53 Feudal Age
13:30 Double-Bit Axe
15:42 Horse Collar
21:39 Castle Age
24:42 Scale Barding Armor
31:29 Chain Barding Armor
36:31 Imperial Age
35:10 Kamandaran
39:37 Gold Mining
39:40 Stone Mining
40:31 Caravan
41:43 Gold Shaft Mining
41:44 Stone Shaft Mining
41:20 Bow Saw
42:46 Coinage
43:28 Guilds
51:12 Plate Barding Armor
50:26 Elite War Elephant
52:19 Heavy Camel Rider
Yoakin1298
6:34 Loom
9:08 Feudal Age
20:22 Castle Age
18:30 Double-Bit Axe
19:30 Gold Mining
20:44 Fletching
22:55 Husbandry
24:04 Bodkin Arrow
26:07 Ballistics
27:36 Padded Archer Armor
28:47 Leather Archer Armor
37:16 Imperial Age
35:02 Horse Collar
38:08 Bracer
37:55 Town Watch
39:11 Herbal Medicine
39:36 Bow Saw
41:27 Chemistry
45:40 Conscription
vctortierrez.94
0:44 Loom
10:20 Feudal Age
11:35 Double-Bit Axe
18:49 Man-at-Arms
20:40 Gold Mining
27:52 Castle Age
29:47 Bloodlines
29:38 Husbandry
32:32 Corvinian Army
34:26 Town Watch
46:11 Horse Collar
Connection lost

Rejoining the realm…

Still unreachable

The connection could not be restored.

Session expired

The server has moved on; the page needs a fresh start.